Map: Lerilak Crest

Players

SticklerMac

  • Race: Terran Terran
  • League: Bronze

GuruEvi - Winner!

  • Race: Protoss Protoss
  • League: Grandmaster

VOD

Have the link to the VOD?

Description

Time

  • Played on: July 31, 2015, 1:52 p.m.
  • Length: 8:22
Show
View Real Time Build Order
Export as new Build Order

SticklerMac Terran 

Build Orders: MMM Bio 

Get SALT Encoding   

  12  0:00  SCV  
  13  0:12  SCV  
  14  0:18  Supply Depot  
  14  0:25  SCV  
  15  0:39  SCV  
  15  0:42  Barracks  
  16  0:50  Refinery  
  16  0:51  SCV  
  17  1:03  SCV  
  18  1:16  SCV  
  19  1:29  Command Center  
  19  1:35  SCV  
  19  1:36  Marine  
  21  1:44  Supply Depot  
  21  1:47  SCV  
  22  1:57  Marine  
  23  2:06  SCV, Factory  
  24  2:16  Barracks Tech Lab  
  24  2:18  SCV  
  25  2:25  Barracks  
  25  2:30  SCV  
  25  2:34  Refinery  
  26  2:41  Combat Shields  
  26  2:50  SCV  
  27  2:56  SCV  
  28  2:59  Marauder  
  30  3:07  Barracks  
  30  3:09  SCV  
  31  3:14  SCV  
  31  3:18  Barracks Tech Lab  
  32  3:25  Supply Depot  
  32  3:29  Marauder  
  34  3:38  Starport  
  34  3:40  SCV  
  35  3:47  Marauder  
  37  3:57  Barracks Tech Lab  
  37  4:00  Stimpack  
  37  4:05  SCV  
  37  4:07  SCV  
  39  4:13  Marauder  
  39  4:14  Marauder  
  43  4:18  Marauder  
  43  4:23  SCV x2  
  47  4:27  Medivac  
  49  4:34  Marine  
  49  4:35  Marine  
  51  4:39  Marine  
  52  4:46  Supply Depot  
  52  4:47  Supply Depot  
  52  4:54  Marine  
  52  4:55  Marine  
  52  4:57  Marine  
  54  5:08  Medivac  
  54  5:11  SCV, Engineering Bay  
  54  5:12  Engineering Bay  
  54  5:13  SCV  
  58  5:19  Marauder  
  60  5:23  Marauder  
  62  5:30  Supply Depot  
  62  5:35  Supply Depot  
  62  5:36  SCV  
  62  5:38  Medivac  
  62  5:39  Terran Infantry Weapons Level 1  
  64  5:45  Marauder  
  64  5:47  Marauder  
  68  6:02  Marauder  
  70  6:06  Marauder  
  70  6:09  Marauder  
  74  6:11  Terran Infantry Armor Level 1  
  74  6:17  Refinery  
  74  6:19  SCV, Refinery  
  74  6:20  SCV  
  74  6:24  Marauder  
  78  6:27  Marauder  
  78  6:30  Marauder  
  82  6:38  SCV  
  82  6:39  SCV  
  84  6:43  Medivac  
  86  7:01  Supply Depot  
  86  7:05  Supply Depot  
  86  7:22  Medivac  
  94  7:23  Marauder x3  
  94  7:26  SCV x2  
  96  7:34  Supply Depot  
  96  7:38  SCV x2  
  96  7:40  Supply Depot  
  102  7:44  Marauder x2  
  102  7:56  Marauder  
  106  8:02  Supply Depot  
Show
View Real Time Build Order
Export as new Build Order

GuruEvi Protoss - Winner!

Build Orders: Nexus First 

Get SALT Encoding   

  12  0:01  Probe  
  13  0:13  Probe  
  14  0:23  Pylon  
  14  0:41  Probe (Chrono Boost)  
  16  0:51  Probe (Chrono Boost)  
  16  0:58  Nexus  
  16  0:59  Probe (Chrono Boost)  
  17  1:11  Probe (Chrono Boost)  
  18  1:21  Probe (Chrono Boost)  
  18  1:23  Pylon  
  19  1:30  Gateway  
  19  1:35  Probe (Chrono Boost)  
  19  1:39  Assimilator  
  21  1:47  Probe (Chrono Boost)  
  21  1:53  Probe (Chrono Boost)  
  22  2:12  Probe  
  22  2:14  Probe  
  24  2:18  Zealot  
  26  2:23  Cybernetics Core  
  26  2:25  Probe  
  27  2:32  Probe  
  27  2:36  Pylon  
  28  2:38  Probe (Chrono Boost)  
  29  2:45  Probe (Chrono Boost)  
  29  2:47  Forge  
  29  2:48  Zealot (Chrono Boost)  
  29  2:50  Probe (Chrono Boost)  
  33  2:55  Assimilator  
  33  2:56  Probe (Chrono Boost)  
  33  2:57  Probe (Chrono Boost)  
  35  3:00  Warp Gate (Chrono Boost)  
  35  3:05  Probe  
  35  3:06  Probe  
  35  3:08  Stalker  
  35  3:10  Gateway  
  39  3:15  Gateway  
  39  3:18  Probe  
  40  3:28  Protoss Ground Weapons Level 1 (Chrono Boost)  
  40  3:35  Photon Cannon  
  40  3:38  Probe (Chrono Boost)  
  40  3:39  Pylon  
  42  3:44  Probe (Chrono Boost)  
  42  3:50  Probe (Chrono Boost)  
  42  3:52  Probe (Chrono Boost)  
  44  3:57  Assimilator  
  44  4:01  Pylon, Assimilator  
  44  4:03  Probe x2  
  44  4:08  Photon Cannon  
  46  4:12  Stalker x3  
  52  4:22  Probe x2 (Chrono Boost)  
  54  4:43  Pylon  
  54  4:45  Pylon, Robotics Facility  
  54  4:58  Stalker x3  
  60  5:03  Probe x2  
  62  5:08  Protoss Ground Armor Level 1 (Chrono Boost)  
  62  5:09  Nexus  
  62  5:12  Pylon  
  62  5:16  Mothership Core  
  64  5:22  Photon Cannon  
  64  5:24  Probe  
  65  5:34  Gateway  
  65  5:36  Probe  
  65  5:38  Twilight Council  
  65  5:39  Photon Cannon  
  64  5:57  Stalker x2  
  64  5:58  Stalker  
  64  6:02  Immortal (Chrono Boost)  
  74  6:16  Probe x2  
  74  6:18  Charge  
  76  6:22  Zealot x3  
  82  6:29  Probe (Chrono Boost)  
  83  6:35  Observer  
  83  6:37  Probe (Chrono Boost)  
  83  6:38  Probe (Chrono Boost)  
  86  6:42  Probe (Chrono Boost)  
  86  6:44  Zealot x4  
  96  6:48  Probe (Chrono Boost)  
  96  6:57  Immortal  
  100  7:05  Pylon  
  100  7:06  Gateway  
  100  7:07  Pylon, Robotics Bay  
  100  7:14  Assimilator  
  100  7:15  Probe x2  
  102  7:17  Probe  
  102  7:20  Assimilator  
  103  7:28  Stalker, Zealot  
  107  7:35  Zealot x2  
  111  7:45  Dark Shrine  
  111  7:47  Pylon  
Tags
 
Add a new tag
Caveats
  • Supply blocks, unpowered buildings, or Contaminate may cause inaccurate times.
  • Supply counts are checked every 10 seconds.